[ AOE2 MATCH · #506965436 ]
UnrankedKhmer vs Wei
[ REPLAY ANALYSIS · EXTRACTED FROM THE RECORDED GAME ]
Feudal
11:43
Castle
16:13
Imperial
42:37
| APM avg | 15.4 |
| APM peak | 37 |
| eAPM avg | 11.8 |
| Villagers / military | 166 / 81 |
Focus
⚔️ 19.2% · 🌾 80.8%
Scorpion ×71 · Ballista Elephant ×5 · Knight ×3 · Trebuchet (Packed) ×2
Feudal
10:03
Castle
19:38
Imperial
36:43
| APM avg | 35.2 |
| APM peak | 69 |
| eAPM avg | 15.4 |
| Villagers / military | 108 / 14 |
Focus
⚔️ 29.7% · 🌾 70.3%
Unknown (1944) ×70 · Unknown (1952) ×18 · Monk ×13 · Unknown (1942) ×2 · Scout Cavalry ×1
Feudal
12:37
Castle
16:36
Imperial
34:28
| APM avg | 28.2 |
| APM peak | 122 |
| eAPM avg | 19.3 |
| Villagers / military | 143 / 117 |
Focus
⚔️ 23.5% · 🌾 76.5%
Mameluke ×111 · Trebuchet (Packed) ×4 · Monk ×2
Feudal
10:13
Castle
18:22
Imperial
38:27
| APM avg | 16.4 |
| APM peak | 45 |
| eAPM avg | 10.4 |
| Villagers / military | 118 / 150 |
Focus
⚔️ 21.6% · 🌾 78.4%
Archer ×112 · Longbowman ×36 · Trebuchet (Packed) ×2
Feudal
11:15
Castle
17:17
Imperial
34:44
| APM avg | 32.5 |
| APM peak | 80 |
| eAPM avg | 16.2 |
| Villagers / military | 146 / 275 |
Focus
⚔️ 34.6% · 🌾 65.4%
Camel Scout ×129 · Archer ×84 · Scout Cavalry ×49 · War Elephant ×5 · Trebuchet (Packed) ×5 · Monk ×3
Feudal
10:53
Castle
18:43
Imperial
35:02
| APM avg | 18.1 |
| APM peak | 57 |
| eAPM avg | 14.2 |
| Villagers / military | 111 / 158 |
Focus
⚔️ 28.6% · 🌾 71.4%
Huskarl ×107 · Spearman ×25 · Scorpion ×13 · Monk ×7 · Battering Ram ×4 · Trebuchet (Packed) ×2
Match map
Initial resources + every placement click. Lines = walls · curves = elevation contours. ◆ gold · ⬟ stone · ● berries · ✦ relic · ◌ wall gap
Your base· ✓ Map-separated
chocksidewalk's base· ✓ Map-separated
PSX | King's base· ✓ Map-separated
Fridge96's base· ✓ Map-separated
Cristian Monzon's base· ✓ Map-separated
Theothegoth's base· ✓ Map-separated
Smoothed initial terrain · ◌ = detected wall gap · hover for details
Inputs per minute
— CTM | Franco* - - chocksidewalk
Build order — CTM | Franco*
First 150 of 306 actions detected
| 0:04 | Queue | Villager (Male) |
| 0:04 | Queue | Villager (Male) |
| 0:05 | Queue | Villager (Male) |
| 0:05 | Queue | Villager (Male) |
| 0:09 | Build | House |
| 0:11 | Build | House |
| 0:28 | Build | House |
| 0:57 | Build | House |
| 1:37 | Build | Lumber Camp |
| 1:38 | Queue | Villager (Male) |
| 1:38 | Queue | Villager (Male) |
| 2:03 | Queue | Villager (Male) |
| 2:38 | Queue | Villager (Male) |
| 2:53 | Queue | Villager (Male) |
| 3:23 | Queue | Villager (Male) |
| 3:58 | Research | Loom |
| 4:18 | Queue | Villager (Male) |
| 4:19 | Queue | Villager (Male) |
| 4:56 | Queue | Villager (Male) |
| 4:56 | Queue | Villager (Male) |
| 5:50 | Queue | Villager (Male) |
| 5:52 | Queue | Villager (Male) |
| 5:59 | Queue | Villager (Male) |
| 6:53 | Queue | Villager (Male) |
| 6:57 | Queue | Villager (Male) |
| 7:22 | Build | Mining Camp |
| 7:42 | Queue | Villager (Male) |
| 7:46 | Queue | Villager (Male) |
| 9:33 | Research | Feudal Age |
| 9:52 | Build | Farm |
| 9:55 | Build | Farm |
| 10:44 | Build | Farm |
| 10:47 | Build | Farm |
| 10:51 | Build | Farm |
| 10:54 | Build | Farm |
| 10:58 | Build | Farm |
| 11:00 | Build | Farm |
| 11:43 | Age | Feudal Age |
| 11:46 | Queue | Villager (Male) |
| 11:53 | Build | Stable |
| 12:23 | Queue | Villager (Male) |
| 12:33 | Build | Mining Camp |
| 12:45 | Build | House |
| 12:46 | Build | House |
| 13:33 | Research | Castle Age |
| 13:59 | Build | House |
| 14:02 | Build | House |
| 14:07 | Research | Double-Bit Axe |
| 14:59 | Build | Mill |
| 15:10 | Research | Bloodlines |
| 15:14 | Build | Farm |
| 15:17 | Build | Farm |
| 15:30 | Research | Horse Collar |
| 15:37 | Build | Farm |
| 15:59 | Research | Gold Mining |
| 16:13 | Age | Castle Age |
| 16:16 | Queue | Knight |
| 16:16 | Queue | Knight |
| 16:17 | Queue | Knight |
| 16:25 | Queue | Villager (Male) |
| 16:42 | Queue | Villager (Male) |
| 16:50 | Build | Town Center |
| 16:52 | Queue | Villager (Male) |
| 17:20 | Queue | Villager (Male) |
| 17:22 | Queue | Villager (Male) |
| 17:31 | Queue | Villager (Male) |
| 17:55 | Queue | Villager (Male) |
| 18:09 | Queue | Villager (Male) |
| 18:09 | Queue | Villager (Male) |
| 18:41 | Queue | Villager (Male) |
| 18:42 | Queue | Villager (Male) |
| 19:12 | Queue | Villager (Male) |
| 19:13 | Queue | Villager (Male) |
| 19:23 | Build | House |
| 19:24 | Build | House |
| 19:25 | Build | House |
| 19:27 | Queue | Villager (Male) |
| 19:47 | Research | Stone Mining |
| 19:55 | Queue | Villager (Male) |
| 20:12 | Queue | Villager (Male) |
| 21:19 | Queue | Villager (Male) |
| 21:20 | Queue | Villager (Male) |
| 21:20 | Queue | Villager (Male) |
| 21:21 | Queue | Villager (Male) |
| 21:34 | Build | Town Center |
| 21:48 | Build | Farm |
| 21:50 | Queue | Villager (Male) |
| 21:52 | Queue | Villager (Male) |
| 22:21 | Queue | Villager (Male) |
| 22:23 | Queue | Villager (Male) |
| 22:37 | Research | Heavy Plow |
| 22:44 | Queue | Villager (Male) |
| 23:00 | Queue | Villager (Male) |
| 23:09 | Build | Siege Workshop |
| 23:11 | Build | Siege Workshop |
| 23:13 | Build | Siege Workshop |
| 23:14 | Queue | Villager (Male) |
| 23:25 | Build | Farm |
| 23:27 | Queue | Villager (Male) |
| 23:34 | Build | Lumber Camp |
| 23:47 | Build | Farm |
| 23:55 | Queue | Villager (Male) |
| 23:57 | Queue | Villager (Male) |
| 23:57 | Queue | Villager (Male) |
| 24:05 | Queue | Villager (Male) |
| 24:14 | Build | Farm |
| 24:16 | Build | Farm |
| 24:20 | Build | Farm |
| 24:22 | Queue | Villager (Male) |
| 24:36 | Queue | Villager (Male) |
| 24:36 | Queue | Villager (Male) |
| 24:44 | Build | House |
| 24:45 | Build | House |
| 24:46 | Build | House |
| 24:48 | Queue | Villager (Male) |
| 24:53 | Queue | Villager (Male) |
| 25:14 | Build | Blacksmith |
| 25:39 | Build | Castle |
| 25:50 | Queue | Villager (Male) |
| 25:52 | Queue | Villager (Male) |
| 25:55 | Research | Wheelbarrow |
| 26:25 | Queue | Villager (Male) |
| 26:26 | Queue | Villager (Male) |
| 26:32 | Build | House |
| 26:33 | Build | House |
| 26:34 | Build | House |
| 26:36 | Research | Fletching |
| 27:05 | Queue | Villager (Male) |
| 27:05 | Queue | Villager (Male) |
| 27:08 | Queue | Villager (Male) |
| 27:11 | Queue | Villager (Male) |
| 27:46 | Queue | Ballista Elephant |
| 27:47 | Queue | Ballista Elephant |
| 28:01 | Build | Blacksmith |
| 28:38 | Research | Bodkin Arrow |
| 28:49 | Build | Town Center |
| 29:25 | Build | Town Center |
| 29:40 | Queue | Ballista Elephant |
| 29:40 | Queue | Ballista Elephant |
| 29:40 | Queue | Ballista Elephant |
| 29:49 | Research | Town Watch |
| 29:55 | Research | Bow Saw |
| 30:00 | Queue | Villager (Male) |
| 30:32 | Queue | Villager (Male) ×3 |
| 30:37 | Queue | Villager (Male) |
| 30:46 | Queue | Villager (Male) |
| 30:46 | Queue | Villager (Male) |
| 31:08 | Queue | Villager (Male) |
| 31:30 | Queue | Villager (Male) |
| 31:40 | Build | Town Center |
Build order — chocksidewalk
First 150 of 298 actions detected
| 0:02 | Queue | Villager (Male) |
| 0:02 | Queue | Villager (Male) |
| 0:02 | Queue | Villager (Male) |
| 0:04 | Build | House |
| 0:05 | Build | House |
| 0:39 | Queue | Villager (Male) |
| 1:39 | Queue | Villager (Male) |
| 1:57 | Queue | Villager (Male) |
| 2:35 | Queue | Villager (Male) |
| 2:35 | Queue | Villager (Male) |
| 2:52 | Queue | Villager (Male) |
| 3:04 | Build | Lumber Camp |
| 3:10 | Queue | Villager (Male) |
| 3:27 | Queue | Villager (Male) |
| 3:43 | Queue | Villager (Male) |
| 3:56 | Queue | Villager (Male) |
| 4:01 | Build | House |
| 4:49 | Queue | Villager (Male) |
| 5:49 | Queue | Villager (Male) |
| 5:49 | Queue | Villager (Male) |
| 6:08 | Build | Barracks |
| 6:33 | Queue | Villager (Male) |
| 7:25 | Queue | Villager (Male) |
| 7:28 | Research | Loom |
| 7:29 | Research | Feudal Age |
| 7:34 | Build | House |
| 7:40 | Build | House |
| 9:04 | Build | Mill |
| 10:03 | Age | Feudal Age |
| 10:10 | Build | Stable |
| 10:14 | Research | Double-Bit Axe |
| 10:15 | Research | Horse Collar |
| 10:18 | Queue | Villager (Male) |
| 10:19 | Queue | Villager (Male) |
| 10:27 | Queue | Villager (Male) |
| 10:36 | Build | Farm |
| 10:38 | Build | Farm |
| 10:41 | Build | Farm |
| 10:44 | Queue | Villager (Male) |
| 10:47 | Build | Farm |
| 10:52 | Queue | Villager (Male) |
| 11:02 | Queue | Villager (Male) |
| 11:10 | Build | Blacksmith |
| 11:14 | Build | Farm |
| 11:15 | Queue | Villager (Male) |
| 11:28 | Build | Farm |
| 11:38 | Build | Farm |
| 11:43 | Queue | Villager (Male) |
| 11:48 | Build | Farm |
| 12:01 | Build | House |
| 12:02 | Build | House |
| 12:03 | Build | House |
| 12:05 | Build | House |
| 12:18 | Build | Farm |
| 12:32 | Build | Mining Camp |
| 12:49 | Build | Farm |
| 12:53 | Build | Farm |
| 13:22 | Queue | Villager (Male) |
| 13:27 | Build | Farm |
| 13:28 | Queue | Villager (Male) |
| 13:32 | Build | Farm |
| 13:41 | Queue | Villager (Male) |
| 13:51 | Build | Farm |
| 13:54 | Build | Farm |
| 13:55 | Queue | Villager (Male) |
| 14:12 | Build | Farm |
| 14:17 | Queue | Scout Cavalry |
| 14:22 | Queue | Villager (Male) |
| 15:00 | Queue | Villager (Male) |
| 15:04 | Build | Farm |
| 15:11 | Queue | Villager (Male) |
| 15:35 | Queue | Villager (Male) |
| 15:51 | Queue | Villager (Male) |
| 15:57 | Research | Gold Mining |
| 16:07 | Build | Farm |
| 16:13 | Build | Lumber Camp |
| 16:50 | Research | Stone Mining |
| 16:54 | Research | Castle Age |
| 17:30 | Build | Stable |
| 17:35 | Build | Stable |
| 17:37 | Build | House |
| 17:38 | Build | House |
| 17:44 | Research | Bloodlines |
| 17:47 | Research | Scale Barding Armor |
| 17:53 | Queue | Villager (Male) |
| 17:53 | Queue | Villager (Male) |
| 18:55 | Build | House |
| 18:56 | Build | House |
| 18:58 | Build | House |
| 19:38 | Age | Castle Age |
| 19:40 | Queue | Unit 1944 |
| 19:41 | Queue | Unit 1944 |
| 19:41 | Queue | Unit 1944 |
| 19:41 | Queue | Unit 1944 |
| 19:56 | Build | Town Center |
| 20:05 | Queue | Villager (Male) |
| 20:07 | Research | Bow Saw |
| 20:07 | Research | Heavy Plow |
| 20:11 | Research | Stone Mining |
| 20:42 | Queue | Unit 1944 |
| 20:42 | Queue | Unit 1944 |
| 20:44 | Queue | Villager (Male) |
| 20:45 | Queue | Villager (Male) |
| 20:45 | Queue | Villager (Male) |
| 20:59 | Queue | Villager (Male) |
| 20:59 | Queue | Villager (Male) |
| 21:04 | Queue | Unit 1944 |
| 21:28 | Queue | Unit 1944 |
| 21:39 | Queue | Unit 1944 |
| 21:42 | Queue | Villager (Male) |
| 21:42 | Queue | Villager (Male) |
| 22:06 | Build | Town Center |
| 22:11 | Queue | Villager (Male) |
| 22:11 | Queue | Villager (Male) |
| 22:13 | Queue | Villager (Male) |
| 22:13 | Queue | Villager (Male) |
| 22:26 | Queue | Unit 1944 |
| 22:26 | Queue | Unit 1944 |
| 22:32 | Queue | Unit 1944 |
| 22:40 | Queue | Villager (Male) |
| 22:41 | Queue | Villager (Male) |
| 22:41 | Queue | Villager (Male) |
| 22:41 | Queue | Villager (Male) |
| 22:49 | Build | Lumber Camp |
| 22:54 | Queue | Unit 1944 |
| 23:13 | Build | Mining Camp |
| 23:17 | Build | Monastery |
| 23:22 | Queue | Unit 1944 |
| 23:46 | Queue | Unit 1944 |
| 23:46 | Queue | Unit 1944 |
| 23:46 | Queue | Unit 1944 |
| 23:52 | Research | Husbandry |
| 24:03 | Queue | Villager (Male) |
| 24:03 | Queue | Villager (Male) |
| 24:11 | Build | Farm |
| 24:12 | Build | Farm |
| 24:13 | Build | Farm |
| 24:20 | Queue | Monk |
| 24:31 | Queue | Unit 1944 |
| 24:31 | Queue | Unit 1944 |
| 25:14 | Queue | Unit 1944 |
| 25:17 | Research | Chain Barding Armor |
| 25:41 | Queue | Unit 1944 |
| 25:42 | Queue | Unit 1944 |
| 25:42 | Queue | Unit 1944 |
| 25:52 | Queue | Unit 1944 |
| 25:53 | Queue | Unit 1944 |
| 25:58 | Queue | Villager (Male) |
| 25:58 | Queue | Villager (Male) |
| 26:27 | Queue | Villager (Male) |
Build order — PSX | King
First 150 of 427 actions detected
| 0:02 | Queue | Villager (Male) |
| 0:02 | Queue | Villager (Male) |
| 0:03 | Build | House |
| 0:06 | Build | House |
| 0:18 | Queue | Villager (Male) |
| 0:18 | Queue | Villager (Male) |
| 0:18 | Queue | Villager (Male) |
| 1:09 | Queue | Villager (Male) |
| 1:44 | Build | Lumber Camp |
| 1:54 | Queue | Villager (Male) |
| 2:26 | Queue | Villager (Male) |
| 2:46 | Queue | Villager (Male) |
| 3:10 | Queue | Villager (Male) |
| 3:21 | Build | House |
| 3:22 | Build | House |
| 3:27 | Build | House |
| 3:29 | Build | House |
| 3:29 | Build | House |
| 3:36 | Queue | Villager (Male) |
| 3:36 | Queue | Villager (Male) |
| 4:24 | Queue | Villager (Male) |
| 4:25 | Queue | Villager (Male) |
| 4:54 | Queue | Villager (Male) |
| 5:01 | Build | Mill |
| 5:04 | Queue | Villager (Male) |
| 5:54 | Queue | Villager (Male) |
| 5:54 | Queue | Villager (Male) |
| 6:14 | Build | Mining Camp |
| 6:52 | Queue | Villager (Male) |
| 6:53 | Queue | Villager (Male) |
| 7:22 | Build | Lumber Camp |
| 7:57 | Queue | Villager (Male) |
| 8:03 | Queue | Villager (Male) |
| 8:25 | Build | Mining Camp |
| 8:37 | Queue | Villager (Male) |
| 9:03 | Queue | Villager (Male) |
| 9:12 | Queue | Villager (Male) |
| 9:20 | Queue | Villager (Male) |
| 9:21 | Queue | Villager (Male) |
| 9:22 | Queue | Villager (Male) |
| 9:24 | Build | Farm |
| 9:26 | Build | Farm |
| 9:51 | Research | Loom |
| 9:59 | Build | Farm |
| 10:00 | Build | Farm |
| 10:18 | Research | Feudal Age |
| 10:34 | Queue | Villager (Male) |
| 10:35 | Queue | Villager (Male) |
| 10:39 | Build | House |
| 12:37 | Age | Feudal Age |
| 12:40 | Research | Double-Bit Axe |
| 12:45 | Build | Market |
| 12:47 | Research | Gold Mining |
| 12:49 | Build | Blacksmith |
| 13:09 | Build | Farm |
| 13:10 | Build | Farm |
| 13:12 | Build | Farm |
| 13:14 | Build | Farm |
| 13:16 | Build | Farm |
| 13:18 | Build | Farm |
| 13:56 | Research | Castle Age |
| 14:06 | Build | Lumber Camp |
| 14:10 | Build | Lumber Camp |
| 14:19 | Build | Lumber Camp |
| 15:13 | Research | Horse Collar |
| 15:13 | Research | Gold Mining |
| 16:36 | Age | Castle Age |
| 16:39 | Build | Town Center |
| 16:44 | Build | Town Center |
| 16:52 | Queue | Villager (Male) |
| 16:52 | Queue | Villager (Male) |
| 17:26 | Queue | Villager (Male) |
| 17:44 | Queue | Villager (Male) |
| 17:50 | Build | House |
| 17:51 | Build | House |
| 17:53 | Build | House |
| 17:56 | Queue | Villager (Male) |
| 18:02 | Build | Monastery |
| 18:14 | Queue | Villager (Male) |
| 18:21 | Queue | Villager (Male) |
| 18:22 | Queue | Villager (Male) |
| 18:23 | Build | Farm |
| 18:30 | Queue | Villager (Male) |
| 18:38 | Build | Farm |
| 18:39 | Queue | Villager (Male) |
| 18:48 | Build | Farm |
| 18:53 | Queue | Villager (Male) |
| 19:13 | Build | Castle |
| 19:22 | Queue | Villager (Male) |
| 19:23 | Queue | Villager (Male) |
| 19:23 | Queue | Villager (Male) |
| 19:39 | Build | Farm |
| 19:42 | Build | House |
| 19:45 | Queue | Villager (Male) |
| 19:45 | Queue | Villager (Male) |
| 19:57 | Research | Wheelbarrow |
| 20:00 | Queue | Villager (Male) |
| 20:01 | Queue | Villager (Male) |
| 20:12 | Build | Farm |
| 20:16 | Build | House |
| 20:17 | Queue | Villager (Male) |
| 20:25 | Build | Farm |
| 20:25 | Queue | Villager (Male) |
| 20:37 | Queue | Villager (Male) |
| 20:37 | Queue | Villager (Male) |
| 20:41 | Build | Farm |
| 20:50 | Build | House |
| 20:51 | Build | House |
| 21:04 | Queue | Villager (Male) |
| 21:04 | Queue | Villager (Male) |
| 21:08 | Build | Farm |
| 21:10 | Build | Farm |
| 21:12 | Queue | Monk |
| 21:23 | Queue | Villager (Male) |
| 21:23 | Queue | Villager (Male) |
| 21:27 | Build | Farm |
| 21:28 | Build | Farm |
| 21:31 | Queue | Villager (Male) |
| 21:48 | Build | Farm |
| 21:50 | Build | Farm |
| 21:52 | Build | Farm |
| 21:55 | Build | Farm |
| 21:58 | Build | Farm |
| 21:58 | Queue | Villager (Male) |
| 21:58 | Queue | Villager (Male) |
| 22:00 | Build | Farm |
| 22:17 | Queue | Villager (Male) |
| 22:18 | Queue | Villager (Male) |
| 22:18 | Queue | Villager (Male) |
| 22:22 | Build | House |
| 22:23 | Build | House |
| 22:25 | Build | House |
| 22:26 | Queue | Villager (Male) |
| 22:26 | Queue | Villager (Male) |
| 23:06 | Queue | Monk |
| 23:12 | Queue | Villager (Male) |
| 23:13 | Queue | Villager (Male) |
| 23:13 | Queue | Villager (Male) |
| 23:15 | Research | Fervor |
| 23:16 | Research | Bow Saw |
| 23:16 | Research | Heavy Plow |
| 23:25 | Build | Farm |
| 23:38 | Research | Town Watch |
| 23:40 | Research | Gold Mining |
| 23:51 | Build | Farm |
| 23:54 | Build | Farm |
| 23:55 | Build | Farm |
| 23:56 | Build | Farm |
| 24:00 | Build | Farm |
| 24:05 | Queue | Villager (Male) |
Build order — Fridge96
First 150 of 308 actions detected
| 0:02 | Queue | Villager (Male) |
| 0:02 | Queue | Villager (Male) |
| 0:02 | Queue | Villager (Male) |
| 0:03 | Queue | Villager (Male) |
| 0:06 | Build | House |
| 0:07 | Build | House |
| 1:47 | Queue | Villager (Male) |
| 1:47 | Queue | Villager (Male) |
| 1:58 | Build | Lumber Camp |
| 2:20 | Queue | Villager (Male) |
| 2:43 | Queue | Villager (Male) |
| 2:43 | Queue | Villager (Male) |
| 2:44 | Queue | Villager (Male) |
| 3:11 | Queue | Villager (Male) |
| 3:11 | Queue | Villager (Male) |
| 3:58 | Queue | Villager (Male) |
| 3:58 | Queue | Villager (Male) |
| 4:05 | Build | House |
| 4:41 | Build | House |
| 5:18 | Queue | Villager (Male) |
| 5:18 | Queue | Villager (Male) |
| 5:58 | Queue | Villager (Male) |
| 6:11 | Queue | Villager (Male) |
| 6:24 | Build | Barracks |
| 6:30 | Queue | Villager (Male) |
| 7:16 | Queue | Villager (Male) |
| 7:27 | Queue | Villager (Male) |
| 7:37 | Build | Mining Camp |
| 8:03 | Research | Feudal Age |
| 8:25 | Build | House |
| 8:51 | Queue | Villager (Male) |
| 8:51 | Queue | Villager (Male) |
| 9:17 | Build | Mill |
| 9:32 | Queue | Villager (Male) |
| 10:13 | Build | Farm |
| 10:13 | Age | Feudal Age |
| 10:35 | Build | Farm |
| 10:36 | Build | Farm |
| 10:38 | Build | Farm |
| 10:43 | Build | Farm |
| 10:49 | Build | Farm |
| 11:07 | Queue | Villager (Male) |
| 11:39 | Build | Archery Range |
| 11:53 | Build | Farm |
| 11:54 | Build | Farm |
| 11:56 | Build | Farm |
| 12:31 | Queue | Villager (Male) |
| 12:31 | Queue | Villager (Male) |
| 12:45 | Build | Blacksmith |
| 13:01 | Build | Farm |
| 13:04 | Research | Double-Bit Axe |
| 13:12 | Build | Farm |
| 13:36 | Queue | Villager (Male) |
| 13:36 | Queue | Villager (Male) |
| 13:44 | Build | Farm |
| 13:49 | Build | Farm |
| 13:54 | Build | Farm |
| 14:02 | Build | House |
| 14:04 | Build | House |
| 14:20 | Queue | Villager (Male) |
| 14:32 | Build | Farm |
| 14:38 | Build | Farm |
| 14:54 | Build | Farm |
| 14:59 | Queue | Villager (Male) |
| 15:07 | Build | Farm |
| 15:15 | Queue | Villager (Male) |
| 15:42 | Research | Castle Age |
| 15:42 | Research | Castle Age |
| 15:44 | Research | Loom |
| 15:48 | Queue | Archer ×5 |
| 15:48 | Queue | Archer |
| 15:49 | Queue | Archer |
| 15:59 | Research | Gold Mining |
| 16:27 | Build | Mining Camp |
| 16:56 | Research | Fletching |
| 16:58 | Research | Padded Archer Armor |
| 17:10 | Queue | Villager (Male) |
| 17:10 | Queue | Villager (Male) |
| 17:22 | Build | Lumber Camp |
| 17:59 | Build | House |
| 18:02 | Build | House |
| 18:22 | Age | Castle Age |
| 18:43 | Build | Town Center |
| 18:58 | Queue | Villager (Male) |
| 19:03 | Research | Crossbowman (upgrade) |
| 19:04 | Queue | Archer ×2 |
| 19:10 | Research | Bow Saw |
| 19:11 | Research | Bow Saw |
| 19:18 | Queue | Villager (Male) |
| 19:18 | Queue | Villager (Male) |
| 19:31 | Queue | Villager (Male) |
| 19:44 | Queue | Archer |
| 19:45 | Queue | Archer |
| 19:53 | Build | Farm |
| 19:54 | Build | Farm |
| 20:07 | Queue | Villager (Male) ×5 |
| 20:22 | Build | Farm |
| 20:32 | Queue | Villager (Male) |
| 20:32 | Queue | Villager (Male) |
| 20:35 | Build | Farm |
| 20:51 | Queue | Villager (Male) |
| 21:40 | Queue | Villager (Male) |
| 21:47 | Queue | Archer ×5 |
| 21:47 | Queue | Archer |
| 21:48 | Queue | Archer |
| 21:59 | Research | Horse Collar |
| 22:59 | Queue | Villager (Male) ×5 |
| 22:59 | Queue | Villager (Male) ×5 |
| 23:09 | Research | Bodkin Arrow |
| 23:09 | Research | Bodkin Arrow |
| 23:47 | Build | Town Center |
| 23:57 | Queue | Villager (Male) ×4 |
| 24:02 | Queue | Archer |
| 24:12 | Build | House |
| 24:20 | Build | House |
| 24:21 | Build | House |
| 24:22 | Build | House |
| 24:24 | Build | House |
| 24:25 | Build | House |
| 24:31 | Research | Stone Mining |
| 24:37 | Research | Loom |
| 24:39 | Research | Wheelbarrow |
| 25:02 | Queue | Villager (Male) |
| 25:02 | Queue | Villager (Male) |
| 25:02 | Queue | Villager (Male) |
| 25:02 | Queue | Villager (Male) |
| 25:03 | Queue | Villager (Male) |
| 25:34 | Queue | Archer |
| 25:44 | Queue | Villager (Male) |
| 25:44 | Queue | Villager (Male) |
| 26:00 | Research | Heavy Plow |
| 26:02 | Queue | Villager (Male) |
| 26:02 | Queue | Villager (Male) |
| 26:17 | Build | Lumber Camp |
| 26:56 | Build | Market |
| 27:01 | Queue | Villager (Male) |
| 27:03 | Queue | Villager (Male) |
| 27:04 | Queue | Villager (Male) |
| 27:04 | Queue | Villager (Male) |
| 27:04 | Queue | Villager (Male) |
| 27:05 | Queue | Villager (Male) |
| 27:05 | Queue | Villager (Male) |
| 27:17 | Build | Archery Range |
| 27:21 | Build | Archery Range |
| 27:24 | Build | Archery Range |
| 27:25 | Build | Archery Range |
| 27:29 | Build | Archery Range |
| 27:31 | Build | Archery Range |
| 27:35 | Queue | Villager (Male) |
| 27:35 | Queue | Villager (Male) |
Build order — Cristian Monzon
First 150 of 409 actions detected
| 0:01 | Queue | Villager (Male) |
| 0:01 | Queue | Villager (Male) |
| 0:02 | Queue | Villager (Male) |
| 0:04 | Build | House |
| 0:07 | Build | House |
| 0:17 | Queue | Villager (Male) |
| 0:17 | Queue | Villager (Male) |
| 0:18 | Queue | Villager (Male) |
| 1:41 | Build | Lumber Camp |
| 1:45 | Queue | Villager (Male) |
| 1:46 | Queue | Villager (Male) |
| 2:12 | Queue | Villager (Male) |
| 2:12 | Queue | Villager (Male) |
| 2:30 | Queue | Villager (Male) |
| 2:56 | Build | House |
| 2:58 | Build | House |
| 3:06 | Queue | Villager (Male) |
| 3:06 | Queue | Villager (Male) |
| 3:06 | Queue | Villager (Male) |
| 3:43 | Queue | Villager (Male) |
| 3:43 | Queue | Villager (Male) |
| 4:07 | Queue | Villager (Male) |
| 4:08 | Queue | Villager (Male) |
| 4:38 | Queue | Villager (Male) |
| 4:38 | Queue | Villager (Male) |
| 4:51 | Queue | Villager (Male) |
| 4:51 | Queue | Villager (Male) |
| 5:07 | Queue | Villager (Male) |
| 5:07 | Queue | Villager (Male) |
| 5:47 | Queue | Villager (Male) |
| 6:16 | Queue | Villager (Male) |
| 6:16 | Queue | Villager (Male) |
| 6:17 | Queue | Villager (Male) |
| 7:23 | Build | Mill |
| 7:36 | Queue | Villager (Male) |
| 7:36 | Queue | Villager (Male) |
| 7:49 | Build | House |
| 7:51 | Build | House |
| 8:16 | Build | Lumber Camp |
| 8:29 | Research | Loom |
| 8:29 | Research | Feudal Age |
| 8:34 | Build | Farm |
| 8:35 | Build | Farm |
| 8:38 | Build | Lumber Camp |
| 9:10 | Queue | Villager (Male) |
| 9:10 | Queue | Villager (Male) |
| 9:21 | Build | Farm |
| 10:40 | Build | Farm |
| 11:15 | Age | Feudal Age |
| 11:18 | Build | Market |
| 11:22 | Build | Blacksmith |
| 11:44 | Build | Farm |
| 11:47 | Build | Farm |
| 11:51 | Build | Farm |
| 11:55 | Queue | Villager (Male) |
| 11:58 | Build | Farm |
| 12:04 | Build | Farm |
| 12:07 | Build | Farm |
| 12:11 | Build | House |
| 12:13 | Build | House |
| 12:14 | Build | House |
| 12:35 | Queue | Villager (Male) |
| 12:35 | Queue | Villager (Male) |
| 13:01 | Build | Farm |
| 13:14 | Queue | Villager (Male) |
| 13:24 | Build | Farm |
| 13:31 | Build | House |
| 13:32 | Build | House |
| 13:35 | Build | House |
| 13:36 | Build | House |
| 13:37 | Build | House |
| 13:38 | Build | House |
| 13:39 | Build | House |
| 13:40 | Queue | Villager (Male) |
| 13:45 | Build | Farm |
| 14:03 | Queue | Villager (Male) |
| 14:09 | Build | Mining Camp |
| 14:21 | Queue | Villager (Male) |
| 14:48 | Research | Castle Age |
| 14:48 | Research | Castle Age |
| 15:11 | Research | Double-Bit Axe |
| 15:11 | Research | Double-Bit Axe |
| 16:18 | Research | Horse Collar |
| 16:19 | Research | Gold Mining |
| 16:40 | Queue | Villager (Male) |
| 16:41 | Queue | Villager (Male) |
| 17:02 | Build | House |
| 17:17 | Age | Castle Age |
| 17:18 | Build | Town Center |
| 17:23 | Build | Town Center |
| 17:29 | Build | Monastery |
| 17:33 | Queue | Villager (Male) |
| 17:34 | Build | Farm |
| 17:35 | Build | Farm |
| 17:37 | Research | Bow Saw |
| 17:38 | Research | Heavy Plow |
| 17:59 | Research | Heavy Plow |
| 18:00 | Queue | Villager (Male) |
| 18:12 | Queue | Monk |
| 18:13 | Queue | Monk |
| 18:47 | Queue | Villager (Male) |
| 18:48 | Queue | Villager (Male) |
| 18:52 | Queue | Villager (Male) |
| 18:52 | Queue | Villager (Male) |
| 18:54 | Queue | Villager (Male) |
| 18:55 | Queue | Villager (Male) |
| 18:59 | Build | Farm |
| 19:21 | Queue | Villager (Male) |
| 19:21 | Queue | Villager (Male) |
| 19:21 | Queue | Villager (Male) |
| 19:28 | Build | Farm |
| 19:35 | Queue | Villager (Male) |
| 19:38 | Build | Farm |
| 19:45 | Queue | Villager (Male) |
| 19:45 | Queue | Villager (Male) |
| 19:47 | Queue | Villager (Male) |
| 19:48 | Queue | Villager (Male) |
| 19:59 | Build | Farm |
| 20:01 | Build | Farm |
| 20:09 | Queue | Villager (Male) |
| 20:09 | Queue | Villager (Male) |
| 20:20 | Queue | Villager (Male) |
| 20:20 | Queue | Villager (Male) |
| 20:21 | Queue | Villager (Male) |
| 20:21 | Queue | Villager (Male) |
| 20:28 | Build | Farm |
| 20:40 | Build | Farm |
| 20:42 | Queue | Villager (Male) |
| 20:43 | Queue | Villager (Male) |
| 21:27 | Queue | Villager (Male) |
| 21:27 | Queue | Villager (Male) |
| 21:27 | Queue | Villager (Male) |
| 21:28 | Queue | Villager (Male) |
| 21:28 | Queue | Villager (Male) |
| 21:28 | Queue | Villager (Male) |
| 21:30 | Build | Farm |
| 21:31 | Build | Farm |
| 21:42 | Queue | Villager (Male) |
| 21:42 | Queue | Villager (Male) |
| 21:53 | Build | Mill |
| 21:53 | Build | Farm |
| 21:54 | Build | Farm |
| 21:54 | Build | Farm |
| 21:54 | Build | Farm |
| 21:55 | Build | Farm |
| 21:58 | Build | Farm |
| 22:02 | Build | Farm |
| 22:12 | Build | Town Center |
| 22:16 | Build | Farm |
| 22:16 | Queue | Villager (Male) |
Build order — Theothegoth
First 150 of 334 actions detected
| 0:01 | Queue | Villager (Male) |
| 0:01 | Queue | Villager (Male) |
| 0:02 | Queue | Villager (Male) |
| 0:04 | Build | House |
| 0:05 | Build | House |
| 0:10 | Research | Loom |
| 1:12 | Queue | Villager (Male) |
| 1:32 | Queue | Villager (Male) |
| 1:47 | Build | Lumber Camp |
| 1:52 | Queue | Villager (Male) |
| 2:41 | Queue | Villager (Male) |
| 2:58 | Queue | Villager (Male) |
| 3:22 | Queue | Villager (Male) |
| 3:49 | Queue | Villager (Male) |
| 3:53 | Build | House |
| 4:20 | Queue | Villager (Male) |
| 4:40 | Queue | Villager (Male) |
| 5:00 | Build | Barracks |
| 5:10 | Queue | Villager (Male) |
| 5:30 | Queue | Villager (Male) |
| 5:53 | Queue | Villager (Male) |
| 5:57 | Build | House |
| 6:26 | Queue | Villager (Male) |
| 6:40 | Queue | Villager (Male) |
| 6:56 | Build | Mining Camp |
| 7:18 | Queue | Villager (Male) |
| 7:37 | Build | Lumber Camp |
| 7:44 | Queue | Villager (Male) |
| 8:12 | Queue | Villager (Male) |
| 8:20 | Build | House |
| 8:43 | Research | Feudal Age |
| 8:58 | Build | Lumber Camp |
| 9:43 | Build | Mill |
| 10:45 | Queue | Villager (Male) |
| 10:53 | Age | Feudal Age |
| 10:58 | Research | Double-Bit Axe |
| 11:05 | Build | Blacksmith |
| 11:19 | Build | Archery Range |
| 11:29 | Build | Farm |
| 11:30 | Build | Farm |
| 11:33 | Queue | Villager (Male) |
| 11:47 | Queue | Villager (Male) |
| 11:56 | Build | Farm |
| 12:02 | Build | Farm |
| 12:05 | Queue | Villager (Male) |
| 12:11 | Build | House |
| 12:12 | Build | House |
| 12:26 | Build | Farm |
| 12:35 | Build | Farm |
| 12:44 | Queue | Villager (Male) |
| 12:54 | Build | Farm |
| 12:58 | Build | Farm |
| 13:04 | Queue | Villager (Male) |
| 13:33 | Queue | Villager (Male) |
| 13:52 | Build | Farm |
| 13:55 | Build | Farm |
| 13:59 | Build | Farm |
| 14:02 | Build | Farm |
| 14:06 | Build | Farm |
| 14:09 | Queue | Villager (Male) |
| 14:37 | Queue | Villager (Male) |
| 15:07 | Queue | Villager (Male) |
| 15:13 | Build | Lumber Camp |
| 15:17 | Build | Farm |
| 15:30 | Queue | Villager (Male) |
| 15:42 | Build | Farm |
| 15:46 | Build | Farm |
| 15:51 | Build | Farm |
| 16:03 | Research | Castle Age |
| 16:03 | Research | Castle Age |
| 16:26 | Build | Mining Camp |
| 16:36 | Research | Horse Collar |
| 16:55 | Research | Forging |
| 17:15 | Queue | Villager (Male) |
| 17:28 | Research | Scale Mail Armor |
| 18:43 | Age | Castle Age |
| 18:48 | Build | Town Center |
| 18:58 | Build | Town Center |
| 19:02 | Queue | Villager (Male) |
| 19:07 | Research | Bow Saw |
| 19:08 | Research | Iron Casting |
| 19:21 | Queue | Spearman |
| 19:22 | Queue | Spearman |
| 19:29 | Queue | Villager (Male) |
| 19:32 | Build | House |
| 19:33 | Build | House |
| 19:38 | Queue | Villager (Male) |
| 19:43 | Research | Wheelbarrow |
| 19:53 | Queue | Spearman |
| 20:00 | Build | House |
| 20:09 | Build | House |
| 20:10 | Build | House |
| 20:10 | Build | House |
| 20:23 | Research | Pikeman (upgrade) |
| 20:23 | Research | Squires |
| 20:27 | Queue | Spearman |
| 20:37 | Build | Barracks |
| 20:42 | Queue | Villager (Male) |
| 20:42 | Queue | Villager (Male) |
| 20:45 | Queue | Villager (Male) |
| 20:45 | Queue | Villager (Male) |
| 20:56 | Queue | Villager (Male) |
| 20:56 | Queue | Villager (Male) |
| 21:03 | Research | Stone Mining |
| 21:12 | Queue | Villager (Male) |
| 21:26 | Build | House |
| 21:34 | Research | Squires |
| 21:54 | Build | Palisade Wall |
| 21:58 | Build | Palisade Wall |
| 22:05 | Research | Pikeman (upgrade) |
| 22:07 | Queue | Villager (Male) |
| 22:21 | Queue | Villager (Male) |
| 22:34 | Queue | Villager (Male) |
| 22:36 | Queue | Villager (Male) |
| 22:38 | Queue | Villager (Male) |
| 22:47 | Build | Mining Camp |
| 22:52 | Queue | Villager (Male) |
| 23:01 | Build | Farm |
| 23:01 | Build | Farm |
| 23:02 | Build | Farm |
| 23:02 | Build | Farm |
| 23:06 | Build | Farm |
| 23:07 | Build | Farm |
| 23:25 | Queue | Villager (Male) |
| 23:26 | Queue | Villager (Male) |
| 23:27 | Queue | Villager (Male) |
| 23:42 | Build | Farm |
| 23:43 | Build | Farm |
| 23:44 | Queue | Villager (Male) |
| 23:46 | Queue | Villager (Male) |
| 23:48 | Queue | Villager (Male) |
| 24:00 | Queue | Spearman |
| 24:00 | Queue | Spearman |
| 24:05 | Queue | Spearman |
| 24:12 | Research | Gold Mining |
| 24:19 | Build | Farm |
| 24:20 | Build | Farm |
| 24:23 | Queue | Spearman |
| 24:33 | Queue | Villager (Male) |
| 24:34 | Queue | Villager (Male) |
| 24:35 | Queue | Villager (Male) |
| 24:51 | Build | Castle |
| 24:54 | Build | Mining Camp |
| 24:59 | Queue | Spearman |
| 24:59 | Queue | Spearman |
| 25:21 | Queue | Villager (Male) |
| 25:22 | Queue | Villager (Male) |
| 25:23 | Queue | Villager (Male) |
| 25:33 | Research | Heavy Plow |
| 25:54 | Queue | Villager (Male) |
Match timeline
| 5:00 | Theothegoth · first_building Barracks |
| 6:08 | chocksidewalk · first_building Barracks |
| 6:24 | Fridge96 · first_building Barracks |
| 10:03 | chocksidewalk · age_up feudal |
| 10:10 | chocksidewalk · first_building Stable |
| 10:13 | Fridge96 · age_up feudal |
| 10:53 | Theothegoth · age_up feudal |
| 11:15 | Cristian Monzon · age_up feudal |
| 11:19 | Theothegoth · first_building Archery Range |
| 11:39 | Fridge96 · first_building Archery Range |
| 11:43 | CTM | Franco* · age_up feudal |
| 11:53 | CTM | Franco* · first_building Stable |
| 12:37 | PSX | King · age_up feudal |
| 13:36 | PSX | King · first_market_buy 100 food |
| 13:44 | PSX | King · first_market_sell 100 stone |
| 16:13 | CTM | Franco* · age_up castle |
| 16:36 | PSX | King · age_up castle |
| 17:17 | Cristian Monzon · age_up castle |
| 17:29 | Cristian Monzon · first_building Monastery |
| 18:02 | PSX | King · first_building Monastery |
| 18:22 | Fridge96 · age_up castle |
| 18:43 | Theothegoth · age_up castle |
| 19:13 | PSX | King · first_building Castle |
| 19:38 | chocksidewalk · age_up castle |
| 21:54 | Theothegoth · wall_segment Palisade Wall x8 |
| 21:58 | Theothegoth · wall_segment Palisade Wall x6 |
| 23:09 | CTM | Franco* · first_building Siege Workshop |
| 23:17 | chocksidewalk · first_building Monastery |
| 23:33 | Cristian Monzon · first_building Castle |
| 24:01 | Cristian Monzon · first_building Barracks |
| 24:51 | Theothegoth · first_building Castle |
| 25:24 | Cristian Monzon · first_building Stable |
| 25:39 | CTM | Franco* · first_building Castle |
| 26:01 | Cristian Monzon · first_market_buy 100 food |
| 26:23 | Theothegoth · first_building Siege Workshop |
| 28:03 | chocksidewalk · first_building Castle |
| 28:32 | Fridge96 · first_building Monastery |
| 29:01 | PSX | King · wall_segment Stone Wall x12 |
| 29:02 | PSX | King · wall_segment Stone Wall x1 |
| 29:14 | Theothegoth · first_building Monastery |
| 29:38 | PSX | King · first_building Barracks |
| 29:43 | PSX | King · wall_segment Stone Wall x12 |
| 30:09 | chocksidewalk · first_market_buy 100 food |
| 30:25 | Cristian Monzon · first_building Archery Range |
| 30:30 | PSX | King · wall_segment Stone Wall x2 |
| 30:32 | PSX | King · first_building Stable |
| 31:39 | PSX | King · wall_segment Stone Wall x3 |
| 31:43 | PSX | King · wall_segment Stone Wall x1 |
| 31:43 | PSX | King · wall_segment Stone Wall x1 |
| 31:47 | Fridge96 · first_building Castle |
| 31:58 | Cristian Monzon · first_market_sell 100 food |
| 34:28 | PSX | King · age_up imperial |
| 34:44 | Cristian Monzon · age_up imperial |
| 35:02 | Theothegoth · age_up imperial |
| 36:40 | PSX | King · wall_segment Stone Wall x16 |
| 36:42 | PSX | King · wall_segment Stone Wall x20 |
| 36:43 | chocksidewalk · age_up imperial |
| 36:56 | chocksidewalk · first_building Siege Workshop |
| 38:27 | Fridge96 · age_up imperial |
| 39:19 | PSX | King · tribute_sent a jugador 1 |
| 39:19 | PSX | King · tribute_sent a jugador 3 |
| 39:19 | PSX | King · tribute_sent a jugador 4 |
| 39:19 | PSX | King · tribute_sent a jugador 5 |
| 39:19 | PSX | King · tribute_sent a jugador 6 |
| 40:44 | PSX | King · tribute_sent a jugador 1 |
| 40:44 | PSX | King · tribute_sent a jugador 3 |
| 40:44 | PSX | King · tribute_sent a jugador 4 |
| 40:44 | PSX | King · tribute_sent a jugador 5 |
| 40:44 | PSX | King · tribute_sent a jugador 6 |
| 41:02 | chocksidewalk · first_building Archery Range |
| 41:58 | chocksidewalk · first_market_sell 100 food |
| 42:37 | CTM | Franco* · age_up imperial |
| 42:50 | Fridge96 · first_market_sell 500 stone |
| 46:51 | PSX | King · tribute_sent a jugador 1 |
| 46:51 | PSX | King · tribute_sent a jugador 3 |
| 46:51 | PSX | King · tribute_sent a jugador 4 |
| 46:51 | PSX | King · tribute_sent a jugador 5 |
| 46:51 | PSX | King · tribute_sent a jugador 6 |
| 47:40 | chocksidewalk · resign |
[ AI ANALYSIS · 1 CREDIT ]
What really happened in this match?
Wolo.gg analyzes every decision: build order, eco, micro, common mistakes by bracket. Personalized analysis on WhatsApp or Discord in 30 seconds.
Civ guide
Khmer
Perfil
Jugador #1135896